 Dungeon Crawl Stone Soup version 0.22.0-1-g6561e4c (webtiles) character file.

206 nicolaieve the Cudgeler (level 5, -4/67 HPs)
             Began as a Minotaur Berserker on Aug 12, 2018.
             Was a Believer of Trog.
             Slain by an orc priest
             ... wielding a +0 dagger of electrocution
              (19 damage)
             ... on level 3 of the Dungeon.
             The game lasted 00:07:22 (1562 turns).

nicolaieve the Cudgeler (Minotaur Berserker)        Turns: 1562, Time: 00:07:23

Health: -4/67      AC:  6    Str: 27    XL:     5   Next: 53%
Magic:  4/4        EV: 10    Int:  4    God:    Trog [**....]
Gold:   167        SH:  3    Dex: 10    Spells: 4/4 levels left

rFire    . . .     SeeInvis .   d - +0 whip
rCold    . . .     Gourm    .   n - +0 buckler
rNeg     . . .     Faith    .   h - +0 scale mail
rPois    .         Spirit   .   (helmet restricted)
rElec    .         Reflect  .   (no cloak)
rCorr    .         Harm     .   (no gloves)
MR       .....                  (no boots)
Stlth    ..........             (no amulet)
HPRegen  0.21/turn              (no ring)
MPRegen  0.09/turn              (no ring)

@: berserking, very quick
A: retaliatory headbutt, horns 2
a: Berserk, Trog's Hand, Renounce Religion


You were on level 3 of the Dungeon.
You worshipped Trog.
Trog was pleased with you.
You were hungry.

You visited 1 branch of the dungeon, and saw 3 of its levels.

You collected 167 gold pieces.

Inventory:

Hand Weapons
 d - a +0 whip (weapon)
Armour
 h - a +0 scale mail (worn)
 n - a +0 buckler (worn)
Scrolls
 f - a scroll of remove curse {unknown}
 k - a scroll of magic mapping {unknown}
Potions
 b - a potion of berserk rage {unknown}
 e - a potion of mutation {unknown}
 g - a potion of might {unknown}
 i - 2 potions of curing {unknown}
 j - 2 potions of degeneration {unknown}
 l - 3 potions of cancellation {unknown}
 m - a potion of brilliance {unknown}
Comestibles
 a - 3 chunks of flesh
 c - a ration


   Skills:
 - Level 3.6 Fighting
 + Level 7.3 Maces & Flails
 - Level 2.4 Armour
 - Level 2.1 Dodging
 * Level 1.5 Shields


You had 4 spell levels left.
You didn't know any spells.
Your spell library was empty.

Dungeon Overview and Level Annotations

Branches:
Dungeon (3/15)

Altars:
Elyvilon
Nemelex Xobeh


Innate Abilities, Weirdness & Mutations

You reflexively headbutt those who attack you in melee.
You have a pair of horns on your head.


Message History

You whack the orc priest!
The orc priest is almost dead.
The orc priest invokes the aid of Beogh against you.
Beogh smites you!
You closely miss the orc priest.
The orc priest is almost dead.
Unknown command.
Your scale mail prevents you from hitting the orc priest.
Your headbutt misses the orc priest.
The orc priest is almost dead.
The orc priest calls down the wrath of Beogh upon you.
Beogh smites you!
* * * LOW HITPOINT WARNING * * *
You barely miss the orc priest. Your headbutt misses the orc priest.
The orc priest is almost dead.
You hit the orc priest.
The orc priest is almost dead.
The orc priest hits you but does no damage.
You are electrocuted!
You die...

## #.. #.# #.# #.#
#.# #.###.###
#roo@)..###
############.....#
###..............#.#
..#.############.#
#.#.# ... #.#.# ###
#.#.#########
####...(.......#
.........#####.#


You could see an orc priest, an orc and a rat.

Vanquished Creatures
  A crimson imp (D:3)
  An orc wizard (D:3)
  Natasha (thrice) (D:2)
  3 adders
  2 worms (D:2)
  A dart slug (D:1)
  An orc (D:3)
  3 giant cockroaches
  3 goblins
  4 hobgoblins (D:1)
  2 ball pythons
  5 bats
  4 frilled lizards
  9 kobolds
  3 rats (D:1)
45 creatures vanquished.

Vanquished Creatures (others)
  A quokka (D:2)
1 creature vanquished.

Grand Total: 46 creatures vanquished

Notes
Turn   | Place    | Note
-------+----------+-------------------------------------------
     0 | D:1      | nicolaieve the Minotaur Berserker began the quest for the Orb.
     0 | D:1      | Reached XP level 1. HP: 19/19 MP: 0/0
    69 | D:1      | Reached skill level 4 in Maces & Flails
   128 | D:1      | Reached XP level 2. HP: 21/26 MP: 1/1
   483 | D:1      | Reached ** piety under Trog
   667 | D:2      | Noticed Natasha
   668 | D:2      | Found a white marble altar of Elyvilon.
   671 | D:2      | Killed Natasha
   671 | D:2      | Reached skill level 5 in Maces & Flails
   671 | D:2      | Reached XP level 3. HP: 31/31 MP: 2/2
   723 | D:2      | Noticed Natasha
   729 | D:2      | Killed Natasha
   729 | D:2      | Reached skill level 6 in Maces & Flails
   729 | D:2      | Reached XP level 4. HP: 39/39 MP: 3/3
   889 | D:2      | Noticed Natasha
   901 | D:2      | Killed Natasha
  1189 | D:2      | Found a sparkling altar of Nemelex Xobeh.
  1488 | D:3      | Reached XP level 5. HP: 37/45 MP: 4/4
  1530 | D:3      | Reached skill level 7 in Maces & Flails
  1530 | D:3      | Reached skill level 1 in Shields
  1562 | D:3      | Slain by an orc priest

Skill      XL: |  1  2  3  4  5 |
---------------+----------------+-----
Maces & Flails | 4 5 6 7 |  7.3
Shields        | 1 |  1.5
Fighting       | |  3.6
Armour         | |  2.4
Dodging        | |  2.1

Action                   |  1- 3 |  4- 6 || total
-------------------------+-------+-------++-------
Melee: Mace              |    40 |       ||    40
       Headbutt          |     8 |    12 ||    20
       Whip              |     5 |    93 ||    98
Invok: Berserk           |       |     1 ||     1
  Eat: Chunk             |       |     2 ||     2
Armor: Animal skin       |     3 |       ||     3
       Ring mail         |    22 |     2 ||    24
       Scale mail        |       |    26 ||    26
Dodge: Dodged            |    34 |    33 ||    67
Block: Buckler           |       |     3 ||     3
